 Dungeon Crawl Stone Soup version 0.20.1-1-g8b1a95d (webtiles) character file.

30356 KoningWillie the Fencer (level 13, -3/125 HPs)
             Began as a Minotaur Fighter on Oct 15, 2017.
             Was an Initiate of Gozag.
             Slain by an orc warrior
             ... wielding a +0 halberd
             ... led by an orc warlord
              (6 damage)
             ... on level 2 of the Orcish Mines.
             The game lasted 00:55:09 (17546 turns).

KoningWillie the Fencer (Minotaur Fighter)         Turns: 17546, Time: 00:55:10

Health: -3/125     AC: 24    Str: 29    XL:     13   Next: 20%
Magic:  12/12      EV: 11    Int:  5    God:    Gozag
Gold:   1076       SH:  0    Dex: 10    Spells: 12/12 levels left

rFire    + . .     SeeInvis .   z - +1 long sword (slice)
rCold    + . .     Gourm    .   (no shield)
rNeg     . . .     Faith    .   U - +1 plate armour {rC+}
rPois    .         Spirit   .   m - +2 hat
rElec    .         Reflect  .   (no cloak)
rCorr    .         Harm     .   J - +0 pair of gloves
MR       +....                  B - +2 pair of boots
Stlth    ..........             V - amulet of regeneration
Regen    0.7/turn               P - ring of Kindness {rF+ MR+ Slay+3}
MPRegen  0.2/turn               T - +3 ring of strength

@: gold aura
A: retaliatory headbutt, horns 2
a: Potion Petition, Call Merchant, Bribe Branch, Renounce Religion


You were on level 2 of the Orcish Mines.
You worshipped Gozag.
Gozag was most pleased with you.
You were full.

You visited 2 branches of the dungeon, and saw 15 of its levels.
You also visited: Ice Cave.

You collected 4923 gold pieces.
You spent 1596 gold pieces at shops.
You paid 2251 gold pieces to Gozag.

Inventory:

Hand Weapons
 z - a +1 long sword of slicing (weapon)
 D - a +1 great sword
 R - a +2 scimitar of flaming
Missiles
 L - 5 steel tomahawks (quivered)
Armour
 h - a +0 plate armour of fire resistance
 m - a +2 hat (worn)
 B - a +2 pair of boots (worn)
 J - a +0 pair of gloves (worn)
 U - a +1 plate armour of cold resistance (worn)
Jewellery
 i - the ring of Vamisearphea {+Fly rC+ MP+9 Int+3}
   (You found it in an ice cave)

   [ring of flight]

   It affects your intelligence (+3).
   It protects you from cold.
   It affects your magic capacity (+9).
   It lets you fly.
 o - an uncursed ring of protection from cold
 p - an uncursed ring of flight
 t - an uncursed amulet of magic regeneration
 F - an uncursed amulet of rage
 G - an uncursed ring of ice
 H - an uncursed ring of magical power
 M - an uncursed ring of ice
 N - an uncursed ring of protection from cold
 P - the ring of Kindness (left hand) {rF+ MR+ Slay+3}
   (You found it in an ice cave)

   [ring of protection from fire]

   It affects your accuracy and damage with ranged weapons and melee attacks
   (+3).
   It protects you from fire.
   It affects your resistance to hostile enchantments.
 T - a +3 ring of strength (right hand)
 V - an amulet of regeneration (around neck)
Wands
 c - a wand of clouds (1/9)
 l - a wand of scattershot (6/9)
 r - a wand of paralysis (1/24)
 y - a wand of acid (11/15)
 A - a wand of flame (46/48)
 C - a wand of paralysis (17/24)
Scrolls
 g - a scroll of enchant armour
 j - 4 scrolls of amnesia
 s - 5 scrolls of remove curse
 v - 2 scrolls of fog
 w - 3 scrolls of recharging
 Q - a scroll of magic mapping
Potions
 a - 4 potions of haste
 b - a potion of agility
 d - 2 potions of might
 e - 2 potions of mutation
 q - 2 potions of magic
 x - a potion of lignification
 E - a potion of resistance
 I - a potion of ambrosia {unknown}
 S - 2 potions of heal wounds
Books
 K - a book of Minor Magic

   Spells                             Type                      Level
   a - Magic Dart                     Conjuration                  1
   b - Blink                          Translocation                2
   c - Call Imp                       Summoning                    2
   d - Slow                           Hexes                        2
   e - Conjure Flame                  Conjuration/Fire             3
   f - Mephitic Cloud                 Conjuration/Poison/Air       3
Miscellaneous
 O - a phial of floods
Comestibles
 f - 7 bread rations
 k - 5 meat rations
 n - 9 fruits
 u - 3 royal jellies


   Skills:
 * Level 14.3 Fighting
 + Level 15.7 Long Blades
 + Level 0.4 Throwing
 + Level 13.9 Armour
 * Level 6.9 Dodging
 + Level 1.3 Stealth
   Level 3.7 Shields
 + Level 0.1 Evocations


You had 12 spell levels left.
You didn't know any spells.

Dungeon Overview and Level Annotations

Branches:
Dungeon (13/15)            Temple (0/1) D:7            Lair (0/6) D:9
    Orc (2/2) D:11            Elf (0/3) Orc:2
 Vaults: D:13-14

Altars:
Ashenzari
Cheibriados
Dithmenos
Gozag
Kikubaaqudgha
Okawaru
Trog
Uskayaw
Vehumet
Beogh

Shops:
D:2 *   D:11 (   Orc:1 ?   Orc:2 *[*(=

Annotations:
D:10 mfyou's ghost, novice MiBe
D:13 Erolcha


Innate Abilities, Weirdness & Mutations

You reflexively headbutt those who attack you in melee.
You have a pair of horns on your head.


Message History

* * * LOW HITPOINT WARNING * * *
You hit the orc warrior but do no damage.
The orc warrior is moderately wounded.
The orc is distracted by the nearby gold.
The orc warrior closely misses you. The orc warrior barely misses you.
You riposte.
You closely miss the orc warrior. Your headbutt misses the orc warrior.
The orc hits you.
* * * LOW HITPOINT WARNING * * *
The orc warrior hits you but does no damage.
The orc warrior hits you with a trident!
* * * LOW HITPOINT WARNING * * *
There is a stone staircase leading up, spattered with blood here.
Items here: ((( )) [ The orc warrior no longer looks unusually strong.
The orc warrior is distracted by the nearby gold.
The orc warrior misses you. You furiously retaliate!
You headbutt the orc warrior!!
The orc warrior hits you from afar with a halberd.
You die...
Your body crumbles into a pile of gold.

*###..o.......
**,#...........
#....#.o.....#.
##.####......##
####.>.......#
###............
###.#[.[...##...)
##ooo).......##...
#@$ooo))...###....
##$##o..[..# #...(
##[..)[).## ##...
###....[####.)..
###....[#..)).
#..[.([.[.)#
##...[......
##.......##
#####..).....


You could see 5 orc warriors and 2 orcs.

Vanquished Creatures
  2 orc warlords (Orc:2)
  Azrael (Orc:2)
  An ettin (Orc:2)
  2 ice dragons (IceCv)
  A two-headed ogre (Orc:1)
  4 orc high priests
  Urug (D:13)
  An unseen horror (D:12)
  A deep elf mage (Orc:2)
  3 orc knights (Orc:2)
  5 orc sorcerers (Orc:2)
  A cyclops (D:12)
  Maurice (Orc:1)
  An ugly thing (D:12)
  2 ice statues (IceCv)
  2 centaur skeletons
  2 rime drakes (IceCv)
  4 trolls
  2 hippogriffs
  A wraith (D:13)
  3 wyverns
  A fire elemental (Orc:2)
  2 soldier ants
  5 wargs
  2 water moccasins
  6 hell hounds
  A black bear (D:13)
  15 ice beasts
  38 orc warriors
  2 sky beasts
  2 phantoms
  The ghost of DasRunzen the Charlatan, an amateur MiAr (D:3)
  12 ogres
  3 centaurs
  Blork the orc (D:5)
  3 big kobolds
  5 bullfrogs
  2 wyvern zombies
  A wyvern skeleton (D:10)
  3 scorpions
  9 killer bees
  5 wights
  An electric eel (Orc:1)
  3 crimson imps
  2 bullfrog zombies
  A jelly (D:13)
  17 orc priests
  28 orc wizards
  7 hounds
  2 bullfrog skeletons
  Ijyb (D:5)
  7 iguanas
  2 worker ants
  6 gnolls
  A howler monkey skeleton (D:10)
  12 adders
  An ooze (D:5)
  2 adder skeletons (D:6)
  6 worms
  A dart slug (D:2)
  5 leopard geckos
  82 orcs
  3 ball pythons (D:2)
  7 bats
  7 giant cockroaches
  12 goblins
  19 hobgoblins
  10 jackals
  28 kobolds
  3 quokkas
  6 frilled lizards
  6 rats
  A plant (D:4)
449 creatures vanquished.

Vanquished Creatures (others)
  2 orcs (Orc:2)
  2 fungi (D:9)
4 creatures vanquished.

Grand Total: 453 creatures vanquished

Notes
Turn   | Place    | Note
-------+----------+-------------------------------------------
     0 | D:1      | KoningWillie the Minotaur Fighter began the quest for the Orb.
     0 | D:1      | Reached XP level 1. HP: 19/19 MP: 0/0
   187 | D:1      | Reached XP level 2. HP: 25/27 MP: 1/1
   593 | D:2      | Reached XP level 3. HP: 28/33 MP: 2/2
   723 | D:2      | Reached skill level 3 in Long Blades
   973 | D:2      | Found an opulent altar of Gozag.
   980 | D:2      | Found Gozag's Platinum Reserve.
   984 | D:2      | Became a worshipper of Gozag Ym Sagoz the Greedy
  1089 | D:2      | Reached XP level 4. HP: 41/41 MP: 3/3
  1233 | D:2      | Found a shattered altar of Ashenzari.
  1489 | D:3      | Reached skill level 4 in Long Blades
  1628 | D:3      | Noticed DasRunzen's ghost (amateur MiAr)
  1702 | D:4      | Reached XP level 5. HP: 35/47 MP: 4/4
  1713 | D:4      | Reached skill level 5 in Fighting
  2013 | D:4      | Reached skill level 5 in Armour
  2277 | D:4      | Reached skill level 5 in Long Blades
  2281 | D:4      | Reached XP level 6. HP: 52/56 MP: 5/5
  2328 | D:4      | Found a snail-covered altar of Cheibriados.
  2432 | D:4      | Reached skill level 6 in Long Blades
  2916 | D:4      | Reached XP level 7. HP: 61/61 MP: 6/6
  2985 | D:4      | Reached skill level 7 in Long Blades
  3098 | D:5      | Entered Level 5 of the Dungeon
  3211 | D:3      | Killed DasRunzen's ghost
  3510 | D:3      | Found a hide-covered altar of Uskayaw.
  3946 | D:5      | Noticed Ijyb
  3963 | D:5      | Killed Ijyb
  3963 | D:5      | Reached skill level 1 in Dodging
  4162 | D:5      | Reached skill level 8 in Long Blades
  4279 | D:5      | Noticed Blork the orc
  4288 | D:5      | Killed Blork the orc
  4496 | D:5      | Found a radiant altar of Vehumet.
  4505 | D:5      | Found an ancient bone altar of Kikubaaqudgha.
  4506 | D:5      | Found an iron altar of Okawaru.
  4612 | D:5      | Reached XP level 8. HP: 69/70 MP: 7/7
  4696 | D:5      | Bought 2 fruits for 33 gold pieces
  4696 | D:5      | Bought a bread ration for 55 gold pieces
  4696 | D:5      | Bought a royal jelly for 22 gold pieces
  4696 | D:5      | Bought a meat ration for 55 gold pieces
  4696 | D:5      | Bought a bread ration for 55 gold pieces
  4696 | D:5      | Bought a bread ration for 55 gold pieces
  4880 | D:6      | Reached skill level 9 in Long Blades
  5106 | D:6      | Reached skill level 10 in Long Blades
  5973 | D:7      | Reached XP level 9. HP: 75/79 MP: 8/8
  6099 | D:7      | Found a staircase to the Ecumenical Temple.
  6785 | D:8      | Reached skill level 11 in Long Blades
  7057 | D:8      | Found a shadowy altar of Dithmenos.
  7531 | D:9      | Found a staircase to the Lair.
  7532 | D:9      | Noticed a skeletal warrior
  7547 | D:10     | Entered Level 10 of the Dungeon
  7604 | D:10     | Found a bloodstained altar of Trog.
  7632 | D:10     | Reached skill level 12 in Long Blades
  8029 | D:10     | Reached XP level 10. HP: 90/90 MP: 9/9
  8235 | D:10     | Noticed mfyou's ghost (novice MiBe)
  8302 | D:11     | Found Wikaerir's Antique Armour Shop.
  8555 | D:11     | Reached skill level 13 in Long Blades
  8688 | D:11     | Found a staircase to the Orcish Mines.
  9180 | D:12     | Killed an unseen horror
  9373 | D:12     | Reached skill level 10 in Armour
  9392 | D:12     | Noticed a green ugly thing
  9399 | D:12     | Killed a green ugly thing
  9451 | D:12     | Noticed a cyclops
  9469 | D:12     | Killed a cyclops
  9469 | D:12     | Reached skill level 14 in Long Blades
  9915 | D:12     | Noticed an eight-headed hydra
  9977 | D:13     | Noticed Urug
  9997 | D:13     | Killed Urug
  9997 | D:13     | Reached skill level 10 in Fighting
  9997 | D:13     | Reached XP level 11. HP: 52/99 MP: 10/10
 10321 | D:13     | Noticed a fire crab
 10353 | D:13     | Found a frozen archway.
 10362 | IceCv    | Entered an ice cave
 11546 | IceCv    | Noticed an ice dragon
 11546 | IceCv    | Noticed an ice dragon
 11618 | IceCv    | Killed an ice dragon
 12050 | IceCv    | Killed an ice dragon
 12050 | IceCv    | Reached skill level 15 in Long Blades
 12293 | IceCv    | Got a translucent pewter ring
 12308 | IceCv    | Got a scintillating platinum ring
 12365 | IceCv    | Identified the ring of Kindness {rF+ MR+ Slay+3} (You found it in an ice cave)
 12367 | IceCv    | Identified the ring of Vamisearphea {+Fly rC+ MP+9 Int+3} (You found it in an ice cave)
 12405 | D:13     | Noticed Erolcha
 12798 | Orc:1    | Entered Level 1 of the Orcish Mines
 12839 | Orc:1    | Noticed Maurice
 12870 | Orc:1    | Paralysed by something for 6 turns
 12879 | Orc:1    | Paralysed by something for 2 turns
 12886 | Orc:1    | Killed Maurice
 13066 | Orc:1    | Bought a scroll of identify for 36 gold pieces
 13066 | Orc:1    | Bought a scroll of magic mapping for 63 gold pieces
 13066 | Orc:1    | Bought a scroll of amnesia for 63 gold pieces
 13066 | Orc:1    | Bought a scroll of magic mapping for 63 gold pieces
 13070 | Orc:2    | Entered Level 2 of the Orcish Mines
 13234 | Orc:2    | Noticed Azrael
 13367 | Orc:2    | Killed Azrael
 13412 | Orc:2    | Noticed an ettin
 13432 | Orc:2    | Killed an ettin
 13432 | Orc:2    | Reached skill level 5 in Dodging
 13432 | Orc:2    | Reached XP level 12. HP: 57/111 MP: 11/11
 13725 | Orc:2    | Found a staircase to the Elven Halls.
 13898 | Orc:2    | Reached skill level 1 in Stealth
 13900 | Orc:2    | Noticed an orc high priest
 13915 | Orc:1    | Found a roughly hewn altar of Beogh.
 14208 | Orc:1    | Noticed a two-headed ogre
 14225 | Orc:1    | Killed a two-headed ogre
 14813 | Orc:2    | Killed an orc high priest
 15556 | Orc:2    | Noticed an orc high priest
 15567 | Orc:2    | Killed an orc high priest
 16064 | Orc:2    | Noticed an orc warlord
 16099 | Orc:2    | Killed an orc warlord
 16322 | Orc:2    | Noticed an orc high priest
 16369 | Orc:1    | Killed an orc high priest
 16622 | Orc:2    | Reached XP level 13. HP: 69/123 MP: 12/12
 17058 | Orc:2    | Found Tuzivafi's General Store.
 17058 | Orc:2    | Found Pethoiw's Antique Armour Shoppe.
 17058 | Orc:2    | Found Viqium's Jewellery Emporium.
 17058 | Orc:2    | Found Xetoyrag's Antique Weapon Shoppe.
 17073 | Orc:2    | Bought a scroll of enchant weapon for 120 gold pieces
 17073 | Orc:2    | Bought a scroll of recharging for 152 gold pieces
 17073 | Orc:2    | Bought a scroll of remove curse for 48 gold pieces
 17095 | Orc:2    | Bought a +3 ring of strength for 266 gold pieces
 17095 | Orc:2    | Bought an uncursed amulet of regeneration for 510 gold pieces
 17323 | Orc:2    | Found Pyxeraps's Practical Paraphernalia.
 17407 | Orc:2    | Noticed an orc warlord
 17540 | Orc:2    | Killed an orc warlord
 17545 | Orc:2    | HP: 2/125 [orc warrior/trident[an orc warlord] (14)]
 17546 | Orc:2    | Slain by an orc warrior

Skill      XL: |  1  2  3  4  5  6  7  8  9 10 11 12 13 |
---------------+----------------------------------------+-----
Fighting       | 4 5 7 8 10 11 13 14 | 14.3
Armour         | 4 5 6 7 9 10 12 13 | 13.9
Long Blades    | 3 4 5 6 8 10 12 14 15 | 15.7
Dodging        | 1 2 5 6 |  6.9
Stealth        | 1 |  1.3
Throwing       | |  0.4
Shields        | |  3.7
Evocations     | |  0.1

Action                   |  1- 3 |  4- 6 |  7- 9 | 10-12 | 13-15 || total
-------------------------+-------+-------+-------+-------+-------++-------
Melee: Long sword        |   117 |   211 |   193 |   590 |    84 ||  1195
       Headbutt          |    16 |    39 |    59 |   192 |    22 ||   328
       Great sword       |       |       |   145 |   165 |       ||   310
Throw: Tomahawk          |       |       |       |     2 |       ||     2
Invok: Call Merchant     |       |       |     1 |     2 |       ||     3
       Potion Petition   |       |       |       |     1 |       ||     1
Evoke: Wand              |       |       |       |     6 |       ||     6
  Use: Scroll            |     2 |     8 |     9 |    13 |     1 ||    33
       Potion            |     1 |       |     3 |     2 |       ||     6
 Stab: Confused          |       |       |       |     1 |       ||     1
  Eat: Meat ration       |     1 |     1 |       |     3 |       ||     5
       Bread ration      |       |       |     3 |     5 |       ||     8
Armor: Scale mail        |    24 |       |       |       |       ||    24
       Plate armour      |    76 |   123 |   249 |   545 |    37 ||  1030
Dodge: Dodged            |    25 |    33 |   115 |   357 |    56 ||   586
Block: Shield            |    77 |   112 |    77 |       |       ||   266
       Rpst.: Long sword |     9 |     7 |     7 |    72 |    13 ||   108
       Great sword       |       |       |    28 |    20 |       ||    48
